[Event "French-ch U12-U14 2024"]
[Site "Agen"]
[Date "2024.04.14"]
[Round "1.1"]
[White "Benhadid, Jeilynn"]
[Black "Glavnov, Emma"]
[Result "1-0"]
[ECO "E91"]
[WhiteElo "1844"]
[BlackElo "1427"]
[Annotator "NA RC"]
[PlyCount "89"]
[EventDate "2024.04.14"]
[EventType "swiss"]
[EventCountry "FRA"]
[SourceTitle "playchess.com"]
[Source "ChessBase"]
[SourceQuality "1"]
[TimeControl "5400+30"]

1. d4 Nf6 2. c4 g6 3. Nc3 Bg7 4. e4 d6 5. Nf3 O-O 6. Be2 Re8 7. O-O Nbd7 {[%emt 0:01:33] 7...Nc6 is more fashionable.} 8. e5 {[%emt 0:08:47] E91: King's Indian: Classical: 6 Be2, unusual replies including 6...c5 and 6...Bg4.} dxe5 9. dxe5 Ng4 10. e6 fxe6 11. Ng5 Nde5 12. Bxg4 Qxd1 13. Bxd1 Nxc4 14. Bb3 Nb6 $146 ({Predecessor:} 14... Nd6 15. Nxe6 Bxe6 16. Bxe6+ Kh8 17. Nd5 Red8 18. Bg5 Nf5 19. Nxc7 Rab8 20. Bxf5 gxf5 {1-0 Aguirre Lorenzo,L (1798)-Gomez Mederos,D (1194) Tenerife-ch Santa Cruz 2021 (6)}) 15. Bxe6+ Bxe6 16. Nxe6 Rac8 17. Bf4 c6 18. Rad1 Bxc3 19. bxc3 Nd5 20. Be5 Kf7 21. Ng5+ Kg8 22. Rfe1 Nf6 23. Ne4 Nxe4 24. Rxe4 Rcd8 25. Red4 Ra8 26. Rd7 b6 27. h3 Kf7 28. Rc7 c5 29. Rdd7 Ke6 30. Bg3 a6 31. Bh4 $18 Rh8 32. Rxe7+ Kd5 33. Rxh7 Rxh7 34. Rxh7 Re8 35. Kf1 Re6 36. Re7 Rxe7 37. Bxe7 Kc4 38. Bf6 Kd3 39. h4 c4 40. a4 b5 41. axb5 axb5 42. g4 Ke4 43. h5 gxh5 44. gxh5 Kf5 45. Bg7 1-0

[Event "French-ch U12-U14 2024"]
[Site "Agen"]
[Date "2024.04.14"]
[Round "1.2"]
[White "Cassam Chenai, Lea"]
[Black "Alcantara, Levanah"]
[Result "0-1"]
[ECO "C02"]
[WhiteElo "1426"]
[BlackElo "1756"]
[Annotator "NA RC"]
[PlyCount "70"]
[EventDate "2024.04.14"]
[EventType "swiss"]
[EventCountry "FRA"]
[SourceTitle "playchess.com"]
[Source "ChessBase"]
[SourceQuality "1"]
[TimeControl "5400+30"]

1. e4 e6 2. d4 d5 3. e5 c5 4. c3 Nc6 5. Nf3 Nge7 6. a3 Nf5 7. g4 Nh4 8. Nbd2 Be7 9. b4 cxd4 10. cxd4 a6 11. Nxh4 Bxh4 12. Nf3 Be7 13. h4 Bd7 14. Bg2 Rc8 15. g5 Na7 16. Bb2 Bb5 17. Bf1 Bc4 18. Rc1 b5 19. Nd2 Qd7 20. Nb3 Bxb3 21. Rxc8+ Nxc8 22. Qxb3 Nb6 23. Qc2 Nc4 24. Bd3 Bd8 25. f4 Bb6 26. Ke2 Ke7 27. Rg1 Rc8 28. Qb1 Qa7 29. Bxh7 Nxb2 30. Qxb2 Bxd4 31. Qd2 Bxg1 32. h5 Qf2+ 33. Kd3 Qf1+ 34. Qe2 Rc3+ 35. Kd2 Qc1# 0-1

[Event "French-ch U12-U14 2024"]
[Site "Agen"]
[Date "2024.04.14"]
[Round "1.3"]
[White "Messali Anger, Ilyana"]
[Black "Truillet, Sarah"]
[Result "1-0"]
[ECO "B04"]
[WhiteElo "1718"]
[BlackElo "1425"]
[Annotator "NA RC"]
[PlyCount "89"]
[EventDate "2024.04.14"]
[EventType "swiss"]
[EventCountry "FRA"]
[SourceTitle "playchess.com"]
[Source "ChessBase"]
[SourceQuality "1"]
[TimeControl "5400+30"]

1. e4 Nf6 2. e5 Nd5 3. d4 d6 4. Nf3 Nc6 5. Bc4 Nb6 6. Bd3 Bg4 7. Be2 dxe5 8. dxe5 Qxd1+ 9. Bxd1 g6 10. h3 Bf5 11. O-O Bg7 12. Bf4 Nc4 13. g4 Be4 14. Nbd2 Bxf3 15. Nxc4 Bd5 16. Ne3 Be6 17. Bf3 Nxe5 18. Bxb7 Rb8 19. Be4 O-O 20. Nd5 Bxd5 21. Bxd5 Rb5 22. Bb3 Rb4 23. Be3 Nf3+ 24. Kg2 Nd4 25. c3 Nxb3 26. axb3 Rxb3 27. Ra2 Be5 28. Rxa7 Rxb2 29. Bd4 Bxd4 30. cxd4 Rb3 31. Rd1 Rd8 32. Rxc7 Rb2 33. Rd3 e6 34. Rf3 Rb4 35. Rd7 Rf8 36. Kg3 Rb5 37. Rd6 Rd5 38. Rxd5 exd5 39. Rf6 Rd8 40. Kf4 Kg7 41. g5 Re8 42. f3 Re6 43. Rxe6 fxe6 44. Ke5 Kf7 45. Kd6 1-0

[Event "French-ch U12-U14 2024"]
[Site "Agen"]
[Date "2024.04.14"]
[Round "1.4"]
[White "Rougier, Constance"]
[Black "Anseeuw, Emma"]
[Result "0-1"]
[ECO "B22"]
[WhiteElo "1424"]
[BlackElo "1667"]
[Annotator "NA RC"]
[PlyCount "60"]
[EventDate "2024.04.14"]
[EventType "swiss"]
[EventCountry "FRA"]
[SourceTitle "playchess.com"]
[Source "ChessBase"]
[SourceQuality "1"]
[TimeControl "5400+30"]

1. e4 c5 2. c3 d5 3. exd5 Qxd5 4. Nf3 Nc6 5. Bb5 Bg4 6. d3 Nf6 7. Qe2 e6 8. Qe3 Rc8 9. c4 Qd8 10. Nc3 a6 11. Ba4 Bf5 12. Ne4 Nxe4 13. dxe4 Bxe4 14. Qxe4 Qa5+ 15. Bd2 Qxa4 16. b3 Qa3 17. O-O Qb2 18. Bf4 Be7 19. Ne5 Qd4 20. Qxd4 Nxd4 21. Bg3 Ne2+ 22. Kh1 Bf6 23. Rae1 Nd4 24. f4 h5 25. Nf3 h4 26. Bf2 h3 27. g3 Nxf3 28. Re3 Nd4 29. Rd3 Rd8 30. Bxd4 Rxd4 0-1

[Event "French-ch U12-U14 2024"]
[Site "Agen"]
[Date "2024.04.14"]
[Round "1.5"]
[White "Ribreau, Anna"]
[Black "Bedus Everaerd, Perle"]
[Result "1-0"]
[ECO "A30"]
[WhiteElo "1648"]
[BlackElo "1423"]
[Annotator "NA RC"]
[PlyCount "71"]
[EventDate "2024.04.14"]
[EventType "swiss"]
[EventCountry "FRA"]
[SourceTitle "playchess.com"]
[Source "ChessBase"]
[SourceQuality "1"]
[TimeControl "5400+30"]

1. c4 e6 2. g3 d5 3. Bg2 c5 4. Nf3 d4 5. b4 cxb4 6. Bb2 Nc6 7. Qa4 Bd7 8. Qc2 Qb6 9. d3 Nf6 10. Nbd2 Bd6 11. Nb3 Bc5 12. Nxc5 Qxc5 13. Nd2 Na5 14. a3 Qb6 15. axb4 Qxb4 16. Bxd4 Nc6 17. Bc3 Qd6 18. O-O Rc8 19. Rfb1 Rc7 20. Qb2 e5 21. Bxc6 Rxc6 22. Bxe5 Qe6 23. Bxf6 gxf6 24. Nf3 Rb6 25. Qd2 Rxb1+ 26. Rxb1 b6 27. Nd4 Qh3 28. Qe3+ Kf8 29. Qf4 Kg7 30. Ra1 Ra8 31. Qf3 Re8 32. Rxa7 Bg4 33. Qd5 Bh5 34. Nf5+ Kf8 35. Qd6+ Kg8 36. Qxf6 1-0

[Event "French-ch U12-U14 2024"]
[Site "Agen"]
[Date "2024.04.14"]
[Round "1.6"]
[White "Llari, Marc"]
[Black "Viry-Babel, Gaston"]
[Result "1-0"]
[ECO "B01"]
[WhiteElo "2182"]
[BlackElo "1624"]
[Annotator "TA"]
[PlyCount "67"]
[EventDate "2024.04.14"]
[EventType "swiss"]
[EventCountry "FRA"]
[SourceTitle "playchess.com"]
[Source "ChessBase"]
[SourceQuality "1"]
[TimeControl "5400+30"]

1. e4 d5 2. exd5 Qxd5 3. Nc3 Qa5 4. d4 Nf6 5. Nf3 Bf5 6. Bf4 e6 7. Ne5 {[%emt 0:05:55] aiming for Nc4.} c6 8. Nc4 {[%emt 0:00:19] White is slightly better.} Qd8 9. Ne3 Bg6 10. h4 h6 11. a3 Be7 12. h5 Bh7 13. Qd2 Nbd7 14. Be2 Nb6 15. Rh3 Nbd5 16. Nexd5 Nxd5 17. Be5 Bf6 18. Rg3 (18. Nxd5 {simplifies} Bxe5 19. dxe5 Qxd5 20. Qxd5 cxd5 21. Rb3) 18... Nxc3 (18... Bg5 $5 19. Rxg5 Qxg5 20. Qxg5 hxg5 21. Bxg7 Rg8 22. Nxd5 exd5 $14) 19. Qxc3 Qe7 20. O-O-O {[%emt 0:02:26][%cal Od4d5] White is much more active. The black rooks are passive.} O-O $2 (20... Bxe5 $14 21. dxe5 O-O) 21. Qe3 $2 (21. d5 $1 $18 Bxe5 22. Qxe5) 21... Bg5 22. f4 Bf6 23. Bd3 Bf5 (23... Bxd3 $11 24. Rxd3 (24. Qxd3 Rad8 $11) 24... Rad8) 24. Bxf5 $16 exf5 25. Re1 ({White should play} 25. Bxf6 $16 Qxf6 26. Qe5 Qxe5 27. fxe5 (27. dxe5 Rfe8 $14)) 25... Rfe8 $14 26. Qd3 Bxe5 $1 27. fxe5 Qh4 {[%emt 0:03:00] White must now prevent ...f4.} 28. Rf1 {[%emt 0:03:05] [#]} Qxh5 (28... Rad8 $1 $17 {and life is bright.} 29. Re3 Qxh5 (29... Qxd4 30. Rxf5 f6 31. Qb3+ Kh7 32. Kb1 $17) (29... Rxd4 30. Qxf5 Re7 31. e6 $11)) 29. Rxf5 Qh1+ 30. Rf1 Qh4 31. Qf3 $40 {[%emt 0:01:15][%mdl 128] White attacks with force.} Qe7 {[%emt 0:03:41][%mdl 8192] [#]} (31... Rf8 $16 32. c3 Rae8) 32. Qh5 $1 $18 Qe6 33. Rf6 {[%emt 0:00:12][%cal Oh5h6] Intending Qxh6! and mate.} Qe7 34. Rxh6 {[%emt 0:01:15] Weighted Error Value: White=0.23 (precise) /Black=0.57.  Loses game:     	---       	Black=1      Missed win:     	White=1     	---        Mistake:       	White=1     	Black=3      Inaccurate:     	White=4     	Black=5      OK:         	White=8     	Black=10     Best:        	White=1     	Black=1      Strong:       	White=1     	Black=1} 1-0

[Event "French-ch U12-U14 2024"]
[Site "Agen"]
[Date "2024.04.14"]
[Round "1.7"]
[White "Caracci, Elyes"]
[Black "Bat, Sodcetsen"]
[Result "0-1"]
[ECO "D00"]
[WhiteElo "1623"]
[BlackElo "2012"]
[Annotator "NA RC"]
[PlyCount "108"]
[EventDate "2024.04.14"]
[EventType "swiss"]
[EventCountry "FRA"]
[SourceTitle "playchess.com"]
[Source "ChessBase"]
[SourceQuality "1"]
[TimeControl "5400+30"]

1. d4 Nf6 2. Bf4 e6 3. e3 d5 4. c3 Bd6 5. Bg3 O-O 6. Nf3 {[%emt 0:00:07] D00: 1 d4 d5: Unusual lines.} b6 7. Bd3 Bb7 8. Ne5 Nbd7 9. Nd2 Ne4 10. Ndf3 Nxe5 11. Nxe5 Bxe5 12. Bxe5 f6 13. Bg3 Qe7 14. Qh5 Qf7 15. Qf3 c5 16. Bf4 cxd4 17. exd4 e5 18. Be3 exd4 19. cxd4 f5 20. Bf4 Qe7 21. O-O g5 22. Bc1 Qf6 23. Rd1 f4 24. Qg4 Bc8 25. Qf3 g4 26. Qe2 f3 27. Qf1 {[%emt 0:01:05] [#]} fxg2 $1 ({And not} 27... Qxd4 28. Be3 Qe5 29. Bxe4 dxe4 30. a4 $16) 28. Qxg2 Qxf2+ 29. Qxf2 Nxf2 30. Rd2 Nxd3 31. Rxd3 Ba6 32. Rg3 Rf1+ 33. Kg2 Rc8 34. Ra3 Rc2+ 35. Kg3 Bc8 36. Rc3 Rxc3+ 37. bxc3 Rf3+ 38. Kg2 Rxc3 39. Bh6 Kf7 40. Rf1+ Kg6 41. Bf4 Bf5 42. Rf2 Be4+ 43. Kf1 Rf3 $19 44. Be5 Kf5 45. Bg3 Bd3+ 46. Ke1 Ke4 47. Be5 Rxf2 48. Kxf2 b5 49. Kg3 Be2 50. Kf2 Bf3 51. Ke1 Kd3 52. a3 a5 53. Kf2 b4 54. Bd6 b3 0-1

[Event "French-ch U12-U14 2024"]
[Site "Agen"]
[Date "2024.04.14"]
[Round "1.8"]
[White "Yin, Milo"]
[Black "Radji, Ethan"]
[Result "1-0"]
[ECO "C50"]
[WhiteElo "2001"]
[BlackElo "1622"]
[Annotator "TA"]
[PlyCount "121"]
[EventDate "2024.04.14"]
[EventType "swiss"]
[EventCountry "FRA"]
[SourceTitle "playchess.com"]
[Source "ChessBase"]
[SourceQuality "1"]
[TimeControl "5400+30"]

1. e4 e5 2. Nf3 Nc6 3. d4 exd4 4. Bc4 Be7 5. Nxd4 d6 6. O-O Nf6 7. Nc3 O-O 8. a3 Ne5 9. Ba2 Kh8 10. f4 {[%emt 0:01:40] White is slightly better.} Ng6 11. h3 c6 12. Be3 Ne8 (12... d5 $14) 13. Qd3 $16 Nc7 14. Rad1 Be6 15. Nxe6 fxe6 16. Qe2 Qd7 17. Qg4 b6 18. b4 Rad8 19. Bd4 {[%emt 0:03:11] White is much more active.} (19. Ne2 $16) 19... e5 $14 20. Qxd7 Rxd7 {[%emt 0:00:00] [#]} 21. Bxe5 Nxe5 (21... Rdd8 22. Bd4) 22. fxe5 {[%emt 0:00:04] Hoping for Rxf8+.} Rxf1+ 23. Kxf1 Rd8 24. e6 Rf8+ 25. Ke2 Bf6 {[%emt 0:00:00] [#] Loses the game.} ({Black should try} 25... g6 $14) 26. Rxd6 $1 $18 Nxe6 (26... Bxc3 {might work better.} 27. e7 Re8) 27. Rxe6 (27. Rxc6 $2 Nd4+ 28. Kd2 Nxc6 $19) 27... Bxc3 28. Rxc6 {[%emt 0:00:09][%mdl 4096] Endgame. KRB-KRB} Be5 29. Re6 Bb2 30. a4 Bc3 (30... g6 {was worth a try.} 31. Kd3 Rf2 32. Re8+ Kg7 33. Re7+ Kh6 34. Rxa7 Rxg2) 31. b5 Bb4 32. Rc6 h6 33. Rc7 Bc5 (33... Re8 {is a better defense.} 34. c3 (34. Rxa7 Rxe4+ 35. Kd3 Rf4 $18) 34... Bd6) 34. Rxa7 Rf2+ 35. Kd3 Rxg2 36. Be6 g6 37. Rc7 {[%emt 0:00:43][%cal Oc7c5] And now Rxc5! would win.} Rg3+ 38. Kc4 Rg2 (38... Bf2 $142 39. Kd5 Rg5+ 40. Kd6 (40. e5 Bg3 $18) 40... Bg3+ 41. Kd7 Bh2) 39. Kb3 (39. a5 $142) 39... Rg3+ 40. c3 Rg1 {[%emt 0:00:00] [#]} (40... Be3 $142 41. a5 bxa5) 41. Rxc5 $1 bxc5 {[%emt 0:00:00] KR-KB} (41... Kg7 42. Rc7+) 42. Kc4 {[%emt 0:00:05][%cal Ob5b6] Threatens to win with b6!} Ra1 43. b6 Rxa4+ 44. Kxc5 {[%emt 0:00:03] b7 would kill now.} Rxe4 45. b7 {[%emt 0:00:11] White mates.} Re5+ 46. Kb4 Rxe6 47. b8=Q+ {[%emt 0:00:08] KQ-KR} (47. b8=B Rb6+ 48. Kc5 Rxb8 49. Kd5 Rb5+ 50. Ke6 Rf5 51. Kd7 Rc5 52. c4 Rxc4 53. Ke6 Rh4 54. Ke7 Rxh3 55. Kf6 Rg3 56. Ke6 h5 57. Kf6 h4 58. Ke6 h3 59. Kd6 h2 60. Ke5 h1=Q (60... h1=B {leads to mate.} 61. Kd4 g5 62. Kc4 g4 63. Kd4 Rf3 64. Ke4 g3 65. Kd5 g2 66. Ke6 g1=Q 67. Kd5 Rf4+ 68. Kd6 Qg6+ 69. Kd7 Rf7+ 70. Ke8 Qg8#) 61. Kd6 Rd3+ 62. Kc5 Qd5+ 63. Kb6 Rb3+ 64. Kc7 Rb7+ 65. Kc8 Qd7#) 47... Kg7 48. c4 h5 49. c5 Re1 50. Qc7+ Kh6 51. Qf4+ Kg7 52. Qd4+ Kh7 53. c6 Rc1 54. Qd7+ Kg8 55. c7 Rxc7 56. Qxc7 Kh8 57. Kc5 g5 58. Kd6 g4 59. Ke6 g3 60. Kf6 g2 61. Qg7# {[%emt 0:00:37] Weighted Error Value: White=0.23 (precise) /Black=0.39.  Mistake:       	White=2     	Black=7      Inaccurate:     	---       	Black=4      OK:         	White=13    	Black=8      Best:        	---       	Black=1      Strong:       	White=1     	---        Brilliant:      	White=1     	---} 1-0

[Event "French-ch U12-U14 2024"]
[Site "Agen"]
[Date "2024.04.14"]
[Round "1.9"]
[White "Bailla, Akrem"]
[Black "Nicot, Valentin"]
[Result "0-1"]
[ECO "B22"]
[WhiteElo "1620"]
[BlackElo "1989"]
[Annotator "NA RC"]
[PlyCount "114"]
[EventDate "2024.04.14"]
[EventType "swiss"]
[EventCountry "FRA"]
[SourceTitle "playchess.com"]
[Source "ChessBase"]
[SourceQuality "1"]
[TimeControl "5400+30"]

1. e4 c5 2. c3 Nf6 3. e5 Nd5 4. d4 cxd4 5. Qxd4 e6 6. Nf3 Nc6 7. Qe4 f5 8. Qe2 {[%emt 0:00:34] The main line 8.Qe2 scores better than 8.exf6.} Be7 9. g3 {[%emt 0:00:29] B22: Sicilian: 2 c3.} O-O 10. Bg2 Qe8 11. O-O Qh5 12. c4 Nc7 13. a3 $146 ({Predecessor:} 13. Nc3 Ne8 14. Re1 h6 15. h4 Rb8 16. Bf4 Bb4 17. Rac1 Ne7 18. a3 Bxc3 19. Rxc3 {1-0 Peterson,E (2242)-Rogos,J (2163) SVK-chT1E 0910 2009 (5.2)}) 13... a5 14. Rd1 a4 15. Be3 Na6 16. Nbd2 Nxe5 17. Rac1 Ng4 18. Nd4 Qxh2+ 19. Kf1 Nxe3+ 20. Qxe3 f4 21. gxf4 Qxf4 22. Qxf4 Rxf4 23. Nb5 Nc5 24. Rc3 Bf6 25. Rc2 g5 26. Nd6 Rd4 27. N6e4 Nxe4 28. Bxe4 d5 29. cxd5 exd5 30. Bg2 Bd7 31. Re1 Bf5 32. Rc5 Rxd2 33. Bxd5+ Kh8 34. Bxb7 Bd3+ 35. Kg1 Bd4 36. Rxg5 Bxf2+ 37. Kh1 Bxe1 38. Bxa8 h6 39. Ra5 Rh2+ 40. Kxh2 Bxa5 41. Bc6 Bc2 42. Kg3 Kg7 43. Kf4 Kf6 44. Ke3 h5 45. Kd4 h4 46. Kc4 Ke5 47. Kb5 Bd2 48. Kc4 h3 49. Kb5 h2 50. Bb7 Be4 51. Bxe4 Kxe4 52. Kxa4 h1=Q 53. b4 Kd5 54. Kb5 Qf1+ 55. Ka4 Kc4 56. Ka5 Qf6 57. Ka4 Qa6# 0-1

[Event "French-ch U12-U14 2024"]
[Site "Agen"]
[Date "2024.04.14"]
[Round "1.10"]
[White "Bocquenet-Drouode, Hugo"]
[Black "Frank, Timothee"]
[Result "1-0"]
[ECO "D00"]
[WhiteElo "1974"]
[BlackElo "1619"]
[Annotator "NA RC"]
[PlyCount "71"]
[EventDate "2024.04.14"]
[EventType "swiss"]
[EventCountry "FRA"]
[SourceTitle "playchess.com"]
[Source "ChessBase"]
[SourceQuality "1"]
[TimeControl "5400+30"]

1. d4 Nf6 2. Nc3 d5 3. Bf4 e6 4. Nb5 Na6 5. e3 c6 6. Nc3 Bb4 7. Bd3 Nc7 8. Nf3 Ne4 9. Bxe4 dxe4 10. Nd2 Bxc3 11. bxc3 Nd5 12. Nxe4 Qa5 13. O-O Nxc3 14. Nxc3 Qxc3 15. Qg4 Rg8 16. Qe2 Bd7 17. Rab1 b5 18. Rb3 Qa5 19. c4 a6 20. Rfb1 g6 21. Bd6 Qd8 22. a4 Bc8 23. c5 Bb7 24. e4 Qc8 25. Qg4 h5 26. Qg5 Qd8 27. Qe5 Qd7 28. Rf3 a5 29. d5 cxd5 30. axb5 dxe4 31. c6 Bxc6 32. bxc6 Qd8 33. Rfb3 a4 34. Rb8 a3 35. Rxd8+ Rxd8 36. c7 1-0

[Event "French-ch U12-U14 2024"]
[Site "Agen"]
[Date "2024.04.14"]
[Round "1.12"]
[White "Prime, Inoue"]
[Black "Mence, Eline"]
[Result "1-0"]
[ECO "B15"]
[WhiteElo "1511"]
[BlackElo "1903"]
[Annotator "TA"]
[PlyCount "109"]
[EventDate "2024.04.14"]
[EventType "swiss"]
[EventCountry "FRA"]
[SourceTitle "playchess.com"]
[Source "ChessBase"]
[SourceQuality "1"]
[TimeControl "5400+30"]

1. e4 c6 2. d4 d5 3. Nc3 dxe4 4. Nxe4 Nf6 5. Nxf6+ exf6 6. c3 Bd6 7. Bd3 O-O 8. Qc2 {[%emt 0:00:24] Active counter play!} Re8+ 9. Ne2 h5 10. Be3 Nd7 {[%emt 0:00:29] White has an edge.} 11. O-O-O Nf8 12. Kb1 Be6 13. c4 Re7 (13... g6 $11 {is more appropriate.}) 14. Ng3 h4 (14... g6 $14) 15. Nf5 $16 Bxf5 16. Bxf5 Qa5 (16... g6 $16) 17. d5 (17. c5 $18 Bb8 18. Qc4) 17... c5 18. g3 g6 $2 (18... b5 $16) 19. gxh4 $18 Kh8 (19... gxf5 $2 20. Rhg1+ Ng6 21. h5 $18) 20. Bd3 Nd7 (20... b5 $142 21. cxb5 Qd8) 21. Bd2 Qc7 22. Bc3 {[%emt 0:02:04][%cal Oh4h5] [#] Repels Re5. aiming for h5!} Be5 23. Bxe5 Qxe5 24. Qd2 (24. f4 $142 Qxf4 25. h5) 24... Qh5 $16 25. Rhe1 Rae8 (25... Rxe1 $14 26. Rxe1 (26. Qxe1 Ne5 $11) 26... Kg7) 26. Rxe7 Rxe7 27. Re1 (27. d6 $16 Re8 28. Bc2) 27... Rxe1+ $11 28. Qxe1 Qe5 $2 (28... Qxh4 $2 {loses.} 29. Qe8+ Kg7 30. Qxd7 $18) (28... Ne5 $11 {and Black is okay.} 29. Qd2 Qg4 (29... Qxh4 30. f4 $11)) 29. Qxe5 $18 fxe5 {[%emt 0:00:20][%mdl 4096] Endgame. KB-KN} 30. Kc2 (30. h5 $18 f5 31. hxg6) 30... Kg7 $16 31. a3 Kf6 ({Black should play} 31... f5) 32. b4 Ke7 33. Be2 b6 (33... cxb4 $16 {was called for.} 34. axb4 Nf6) 34. h5 $18 gxh5 35. Bxh5 Nf6 {[%emt 0:00:16] [#]} 36. Be2 (36. Bf3 $142 $1) 36... Kd6 $2 (36... Ne4 $16) 37. Kb3 a6 38. h4 Ng8 39. Ka4 Nh6 40. Bh5 (40. Bd3 $142) 40... Nf5 $2 (40... e4 {was worth a try.} 41. Be2 Ng8) 41. Bxf7 Nxh4 42. Be6 Nf3 43. Bc8 Nd2 44. Bxa6 {[%emt 0:00:27] Black must now prevent Kb5.} Ne4 $2 (44... Nb1 45. bxc5+ Kxc5) 45. Kb5 Kc7 46. bxc5 bxc5 (46... Nxc5 $142 47. a4 Ne4) 47. f3 Ng5 48. Kxc5 {[%emt 0:00:40] White mates.} Nxf3 49. d6+ Kd8 50. Kd5 Kd7 51. Bb5+ Kd8 52. a4 Kc8 53. a5 Kb7 54. a6+ Kb6 55. d7 {[%emt 0:00:21] Weighted Error Value: White=0.27 (precise) /Black=0.62.  Loses game:     	---       	Black=3      Mistake:       	White=6     	Black=9      Inaccurate:     	White=3     	Black=1      OK:         	White=10    	Black=14     Best:        	White=6     	Black=2} 1-0

[Event "French-ch U12-U14 2024"]
[Site "Agen"]
[Date "2024.04.14"]
[Round "1.13"]
[White "Verdier, Anais"]
[Black "Oger, Eryn"]
[Result "1-0"]
[ECO "D55"]
[WhiteElo "1776"]
[BlackElo "1507"]
[Annotator "NA RC"]
[PlyCount "67"]
[EventDate "2024.04.14"]
[EventType "swiss"]
[EventCountry "FRA"]
[SourceTitle "playchess.com"]
[Source "ChessBase"]
[SourceQuality "1"]
[TimeControl "5400+30"]

1. d4 d5 2. Nf3 Nf6 3. c4 e6 4. Nc3 Be7 5. Bg5 O-O 6. e3 a6 7. a4 c6 8. Bd3 dxc4 9. Bxc4 b5 10. axb5 cxb5 11. Bxb5 Qb6 12. Qc2 Bb7 13. Be2 Nbd7 14. O-O Rfd8 15. Na4 Rac8 16. Qxc8 Rxc8 17. Nxb6 Nxb6 18. Bxa6 Bxa6 19. Rxa6 Nbd5 20. Ra7 Bd6 21. Rfa1 h6 22. Bxf6 Nxf6 23. Ra8 Bb8 24. Ne5 h5 25. g3 g6 26. R1a7 Kg7 27. Rxf7+ Kh6 28. Rxf6 Rc1+ 29. Kg2 Bd6 30. Rxg6+ Kh7 31. Ra7+ Kh8 32. Rxe6 Kg8 33. Re8+ Bf8 34. Ng6 1-0

[Event "French-ch U12-U14 2024"]
[Site "Agen"]
[Date "2024.04.14"]
[Round "1.14"]
[White "Lux, Oceane"]
[Black "Tymchenko, Maria"]
[Result "0-1"]
[ECO "A22"]
[WhiteElo "1503"]
[BlackElo "1767"]
[Annotator "NA RC"]
[PlyCount "86"]
[EventDate "2024.04.14"]
[EventType "swiss"]
[EventCountry "FRA"]
[SourceTitle "playchess.com"]
[Source "ChessBase"]
[SourceQuality "1"]
[TimeControl "5400+30"]

1. c4 Nf6 2. g3 d6 3. Bg2 Nbd7 4. Nc3 e5 5. d3 Be7 6. e4 O-O 7. Nge2 c6 8. O-O a6 9. h3 b5 10. b3 Nb6 11. Be3 Be6 12. f4 b4 13. f5 Bc8 14. Nb1 d5 15. Kh2 Bb7 16. g4 dxe4 17. dxe4 c5 18. Ng3 Qxd1 19. Rxd1 Rad8 20. Nd2 Rd3 21. Bf2 Rfd8 22. Be1 Ne8 23. Bf1 R3d4 24. Be2 Nf6 25. Bf3 Nc8 26. g5 Ne8 27. h4 h6 28. g6 fxg6 29. fxg6 Bxh4 30. Nf5 Bxe1 31. Nxd4 Rxd4 32. Rxe1 Rxd2+ 33. Re2 Rxe2+ 34. Bxe2 Bxe4 35. Bh5 Kf8 36. a3 Bc2 37. axb4 Bxb3 38. bxc5 Bxc4 39. Re1 Nf6 40. Bd1 e4 41. Kg3 Ke7 42. Ba4 Ke6 43. Bc2 Kd5 0-1

[Event "French-ch U12-U14 2024"]
[Site "Agen"]
[Date "2024.04.14"]
[Round "1.15"]
[White "Castagnerol, Cerise"]
[Black "Martin, Sarah"]
[Result "1-0"]
[ECO "D12"]
[WhiteElo "1755"]
[BlackElo "1498"]
[Annotator "NA RC"]
[PlyCount "115"]
[EventDate "2024.04.14"]
[EventType "swiss"]
[EventCountry "FRA"]
[SourceTitle "playchess.com"]
[Source "ChessBase"]
[SourceQuality "1"]
[TimeControl "5400+30"]

1. d4 d5 2. c4 c6 3. Nf3 Nf6 4. e3 Bf5 5. Nc3 e6 6. Bd3 Bxd3 7. Qxd3 Bb4 8. O-O O-O 9. b3 Bxc3 10. Qxc3 Ne4 11. Qb4 Qc7 12. Ba3 Nd7 13. Rfd1 Rfe8 14. Rac1 a5 15. Qe1 h6 16. Nd2 Ndf6 17. f3 Nxd2 18. Rxd2 e5 19. cxd5 Nxd5 20. e4 exd4 21. Rxd4 Nf4 22. Rcd1 Qb6 23. Kh1 Ne6 24. Rc4 Qb5 25. Bd6 a4 26. Rb4 Qa5 27. Rxb7 Qxe1+ 28. Rxe1 axb3 29. axb3 Nd4 30. h3 Red8 31. e5 Nb5 32. Rd1 Nxd6 33. exd6 Rab8 34. Rxb8 Rxb8 35. Rd3 Rd8 36. Kg1 Kf8 37. Kf2 f6 38. f4 f5 39. g4 g6 40. gxf5 gxf5 41. Kg3 Kf7 42. Kh4 Ke6 43. Kh5 Kf6 44. d7 Ke6 45. Kxh6 Kf6 46. Kh7 Ke6 47. Kg7 Rxd7+ 48. Rxd7 Kxd7 49. h4 Kd6 50. h5 Kd5 51. Kg6 Kc5 52. h6 Kb4 53. h7 Kxb3 54. h8=Q c5 55. Kxf5 c4 56. Kg6 c3 57. Qxc3+ Kxc3 58. f5 1-0

[Event "French-ch U12-U14 2024"]
[Site "Agen"]
[Date "2024.04.14"]
[Round "1.16"]
[White "Breuil, Virgile"]
[Black "Carriou, Antoine"]
[Result "1-0"]
[ECO "C45"]
[WhiteElo "2307"]
[BlackElo "1757"]
[Annotator "TA"]
[PlyCount "51"]
[EventDate "2024.04.14"]
[EventType "swiss"]
[EventCountry "FRA"]
[SourceTitle "playchess.com"]
[Source "ChessBase"]
[SourceQuality "1"]
[TimeControl "5400+30"]

1. e4 e5 2. Nf3 Nc6 3. d4 exd4 4. Nxd4 Qh4 5. Nc3 Bb4 6. Be2 Qxe4 7. Ndb5 Bxc3+ 8. bxc3 Kd8 9. O-O Nf6 10. Bg5 {[%emt 0:10:26][%mdl 1024] White has compensation.} d6 11. Re1 (11. Nxd6 $2 cxd6 12. Bxf6+ gxf6 $19) 11... Bd7 12. Qd2 {[%emt 0:05:50] White is slightly better.} (12. Nd4 {simplifies} Nxd4 13. cxd4 Qf5 14. Bh4) 12... Re8 {[%emt 0:02:36] [#]} (12... h6 $11 {keeps the balance.} 13. Bxf6+ gxf6) 13. Rad1 (13. Bd3 $1 $16 Qd5 14. Rxe8+ (14. Bxh7 $2 Rxe1+ 15. Rxe1 Qxd2 $19) 14... Bxe8 15. Re1) 13... Qf5 14. Bd3 {[%emt 0:02:21] This pair of bishops is nice.} Rxe1+ 15. Rxe1 Qc5 16. Bxf6+ gxf6 17. Qh6 $1 $36 {[%emt 0:00:15][%mdl 2048] [#] Qf8+ would kill now. White is in control. White is more active.} Ne5 $2 (17... Kc8 $16) 18. Qxf6+ $18 Ke8 19. Nd4 Qxc3 20. Qh8+ Ke7 21. Rxe5+ {[%emt 0:00:09] White is clearly winning.} dxe5 22. Qxe5+ (22. Qxa8 exd4 23. Qxb7 Qe1+ 24. Bf1 d3 25. cxd3 Qa5 $16) 22... Kd8 23. Qh8+ (23. Bxh7 $2 {gets mated.} Qa1+) 23... Ke7 24. Nf5+ ({Less strong is} 24. Qxa8 Qxd4 25. Qxb7 Kd6 26. Qa6+ (26. Bxh7 $2 Qd1#) 26... Bc6 $16) 24... Bxf5 25. Qxc3 Rd8 26. Qc5+ {[%emt 0:58:38] Weighted Error Value: White=0.86/Black=0.26 (precise) .  Loses game:     	---       	Black=1      Mistake:       	White=1     	Black=1      OK:         	White=2     	Black=3      Best:        	White=1     	Black=1      Strong:       	White=1     	---} (26. Bxf5 $2 {leads to mate.} Rd1+) 1-0